 Dungeon Crawl Stone Soup version 0.30.0-5-g1a98f26d00 (webtiles) character file.

Game seed: 10533775621274730113

7029 retardedninja the Fighter (level 10, -4/94 HPs)
             Began as a Minotaur Fighter on May 9, 2023.
             Was a High Priest of Makhleb.
             Succumbed to a hornet's poison
             ... while paralysed by a hornet
             ... on level 9 of the Dungeon.
             The game lasted 00:13:46 (9509 turns).

retardedninja the Fighter (Minotaur Fighter)        Turns: 9509, Time: 00:13:47

Health: -4/94      AC: 15    Str: 26    XL:     10   Next: 82%
Magic:  9/9        EV:  2    Int:  5    God:    Makhleb [*****.]
Gold:   398        SH:  0    Dex:  9    Spells: 9/9 levels left

rFire   . . .        a - +0 war axe (heavy)
rCold   . . .        c - +0 buckler
rNeg    . . .        k - +0 plate armour
rPois   .            j - +1 hat
rElec   .            (no cloak)
rCorr   .            (no gloves)
SInv    .            (no boots)
Will    +....        (no amulet) Stlth
                     y - ring of willpower
HPRegen 0.35/turn    A - +5 ring of evasion
MPRegen 0.11/turn

%: no passive effects
@: paralysed, lethally poisoned (-4 -> -33), slowed
A: horns 2, retaliatory headbutt
a: Renounce Religion, Minor Destruction, Lesser Servant of Makhleb, Major
Destruction, Greater Servant of Makhleb


You were on level 9 of the Dungeon.
You worshipped Makhleb.
Makhleb was extremely pleased with you.
You visited 2 branches of the dungeon, and saw 10 of its levels.

You collected 398 gold pieces.

Inventory:

Hand Weapons
 a - a +0 heavy war axe (weapon)
Armour
 c - a +0 buckler (worn)
 j - a +1 hat (worn)
 k - a +0 plate armour (worn)
Jewellery
 y - a ring of willpower (left hand)
 A - a +5 ring of evasion (right hand)
Wands
 i - a wand of polymorph (2)
 l - a wand of mindburst (7)
 q - a wand of flame (43)
 s - a wand of roots (5)
 D - a wand of charming (6)
Scrolls
 f - 8 scrolls of teleportation
 g - a scroll of amnesia
 m - a scroll of vulnerability
 o - a scroll of fear
 p - a scroll of enchant armour {unknown}
 u - 2 scrolls of noise {unknown}
 w - a scroll of identify
 z - a scroll of poison {unknown}
 B - a scroll of fog
Potions
 b - 2 potions of degeneration
 d - 3 potions of heal wounds
 e - a potion of attraction
 h - 4 potions of flight
 r - a potion of berserk rage
 t - a potion of magic
 v - a potion of lignification
 x - a potion of curing
 C - 2 potions of might


   Skills:
 + Level 10.7 Fighting
 + Level 10.3 Axes
 + Level 10.6 Armour
 + Level 10.6 Shields


You had 9 spell levels left.
You didn't know any spells.
Your spell library contained the following spells:

 Spells                   Type           Power      Damage    Failure   Level
 Summon Small Mammal      Summ           0%         N/A       99%         1
 Blink                    Tloc           0%         N/A       100%        2
 Lesser Beckoning         Tloc           0%         N/A       100%        2
 Momentum Strike          Conj/Tloc      0%         3d8       100%        2
 Sublimation of Blood     Necr           0%         N/A       100%        2
 Wereblood                Tmut           0%         N/A       100%        2
 Call Canine Familiar     Summ           0%         N/A       100%        3
 Summon Guardian Golem    Hex/Summ       0%         N/A       100%        3
 Summon Hydra             Summ           0%         N/A       100%        7


Dungeon Overview and Level Annotations

Branches:
Dungeon (9/15)             Temple (1/1) D:5            Lair (0/5) D:9
    Orc: D:9-12

Altars:
Ashenzari
Cheibriados
Dithmenos
Elyvilon
Fedhas
Gozag
Hepliaklqana
Kikubaaqudgha
Makhleb
Nemelex Xobeh
Okawaru
Qazlal
Ru
Sif Muna
Trog
Uskayaw
Vehumet
Wu Jian
Xom
Zin
The Shining One

Annotations:
D:3 1 runed translucent door, juan097's ghost, amateur DjEE
D:5 1 runed translucent door, Crazy Yiuf


Innate Abilities, Weirdness & Mutations

You have a pair of horns on your head.
You reflexively headbutt those who attack you in melee.


Message History

+0 steam dragon scales; a steam dragon corpse You feel better.
A hornet comes into view.
The hornet misses you. You furiously retaliate!
You headbutt the hornet.
The howler monkey hoots and howls with incredible vigour!
The hornet misses you.
You hear a roar!
You hear a howl!
You hear a chilling moan.
Read: scroll of summoning
Press: ? - help, Q - select action, (/) - cycle Dir - look around, f - activate Look: a hornet (lightly wounded)
As you read the scroll of summoning, it crumbles to dust.
Wisps of shadow whirl around you... The hornet stings you!
You are poisoned.
You feel as though you will be slow longer.
The hornet closely misses you. The hornet barely misses you.
You feel very sick. The hornet barely misses you. You furiously retaliate!
You headbutt the hornet. The hornet stings you.
* * * LOW HITPOINT WARNING * * *
You are more poisoned.
You feel as though you will be slow longer.
The hornet stings you.
* * * LOW HITPOINT WARNING * * *
You are lethally poisoned!
You suddenly lose the ability to move!
Your shadow barely misses the hornet.
The hornet stings you.
* * * LOW HITPOINT WARNING * * *
You feel as though you will be slow longer.
* * * LOW HITPOINT WARNING * * *
You feel very sick. The hornet stings you!
* * * LOW HITPOINT WARNING * * *
You are more poisoned.
You feel as though you will be slow longer.
The hornet stings you but does no damage.
Your shadow hits the hornet.
Your shadow closely misses the hornet.
The hornet barely misses you.
The howler monkey hits you but does no damage.
You die...

○### .## #...# ..# #☼...
..### #?...#....# .°...
#.# ## ...###○R#
#.####### #. ##....KY#
#.......#####.
...####y###.............
....>..
#....oy@W.......#..####.
.#...#
#.###.hW.....#..#..# #.
....# #.#
#...##.........# ##
#...#
#.##.......#.#####.#
#...#
#.##....##.#.#####.#
#...#
#.##..#.##.#...>...#
#...#
#.......##.######### #
####...###.##.......# ##
......[.......##.>#.###
#.


You could see a yak, an efreet, 2 hornets, a kobold brigand, a howler monkey, an
orc wizard and 2 friendly shadows.

Vanquished Creatures
  Gastronok (D:8)
  A sixfirhy (D:9)
  Prince Ribbit (D:5)
  Sigmund (D:3)
  Grum (D:8)
  6 yaks (D:8)
  2 chaos spawn (D:9)
  2 steam dragons
  2 water moccasins
  An ice beast (D:5)
  An orc warrior (D:7)
  2 black bears
  A sky beast (D:6)
  An ogre (D:4)
  3 centaurs
  5 wolves
  A phantom (D:5)
  Blork the orc (D:6)
  2 kobold brigands (D:8)
  2 bullfrogs
  3 scorpions
  5 wights (D:8)
  6 killer bees (D:9)
  8 howler monkeys
  A quasit (D:9)
  3 jellies
  3 hounds
  2 orc priests (D:7)
  5 orc wizards
  Ijyb (D:5)
  Terence (D:3)
  2 iguanas (D:5)
  10 gnolls
  6 adders
  3 white imps
  3 worms (D:2)
  4 dart slugs
  22 orcs
  2 bats (D:3)
  7 endoplasms
  2 giant cockroaches
  7 hobgoblins
  3 jackals (D:4)
  3 quokkas
  6 ball pythons
  3 frilled lizards
  7 goblins
  12 kobolds
  2 rats
179 creatures vanquished.

Notes
Turn   | Place    | Note
-------+----------+-------------------------------------------
     0 | D:1      | retardedninja the Minotaur Fighter began the quest for the
                  | Orb.
     0 | D:1      | Reached XP level 1. HP: 19/19 MP: 0/0
   258 | D:1      | Found a faded altar of an unknown god.
   276 | D:1      | Prayed at the altar of an unknown god.
   276 | D:1      | Became a worshipper of Makhleb the Destroyer
   276 | D:1      | Reached * piety under Makhleb
   394 | D:1      | Reached XP level 2. HP: 25/27 MP: 1/1
   885 | D:2      | Reached XP level 3. HP: 32/33 MP: 2/2
  1572 | D:3      | Found a hide-covered altar of Uskayaw.
  1575 | D:3      | Noticed a +0 hand axe
  1575 | D:3      | Noticed a +0 hand axe
  1634 | D:3      | Noticed Sigmund
  1641 | D:3      | Killed Sigmund
  1641 | D:3      | Reached ** piety under Makhleb
  1642 | D:3      | Reached XP level 4. HP: 39/41 MP: 3/3
  1642 | D:3      | Reached XP level 5. HP: 45/47 MP: 4/4
  1661 | D:3      | Reached skill level 5 in Fighting
  1743 | D:3      | Found a snail-covered altar of Cheibriados.
  1870 | D:3      | Found a runed translucent door.
  1874 | D:3      | Noticed juan097's ghost (amateur DjEE)
  1920 | D:3      | Noticed Terence
  1932 | D:3      | Killed Terence
  1933 | D:3      | Reached skill level 5 in Armour
  1933 | D:3      | Reached skill level 5 in Shields
  2221 | D:4      | Noticed an ogre
  2226 | D:4      | Killed an ogre
  2227 | D:4      | Reached XP level 6. HP: 56/56 MP: 5/5
  2255 | D:4      | Found a glowing golden altar of the Shining One.
  2864 | D:5      | Entered Level 5 of the Dungeon
  2886 | D:5      | Noticed a water moccasin
  2894 | D:5      | Killed a water moccasin
  2895 | D:5      | Reached skill level 5 in Axes
  2895 | D:5      | Reached XP level 7. HP: 62/62 MP: 6/6
  3130 | D:5      | Found a burning altar of Makhleb.
  3133 | D:5      | Noticed a balrug
  3137 | D:5      | Noticed a ynoxinul
  3137 | D:5      | Noticed a neqoxec
  3601 | D:5      | Reached XP level 8. HP: 69/71 MP: 7/7
  3601 | D:5      | Reached *** piety under Makhleb
  3615 | D:5      | Noticed Prince Ribbit
  3642 | D:5      | Killed Prince Ribbit
  4200 | D:5      | Found a staircase to the Ecumenical Temple.
  4200 | D:5      | Noticed Ijyb
  4207 | D:5      | Killed Ijyb
  4212 | Temple   | Entered the Ecumenical Temple
  4341 | D:5      | Found a runed translucent door.
  4342 | D:5      | Noticed Crazy Yiuf
  4479 | D:6      | Found a sacrificial altar of Ru.
  4630 | D:6      | Noticed Blork the orc
  4638 | D:6      | Killed Blork the orc
  5783 | D:6      | Found a hazy altar of Hepliaklqana.
  6255 | D:7      | Reached XP level 9. HP: 50/81 MP: 8/8
  6487 | D:7      | Identified the +5 scale mail of Xothy {rElec rF+ rC-
                  | Slay+3}
  7119 | D:7      | Found a broken altar of Ashenzari.
  7493 | D:8      | Reached **** piety under Makhleb
  7519 | D:8      | Noticed Grum
  7534 | D:8      | Killed Grum
  8075 | D:8      | Noticed Gastronok
  8092 | D:8      | Killed Gastronok
  8093 | D:8      | Reached XP level 10. HP: 76/93 MP: 9/9
  8408 | D:8      | Reached skill level 10 in Fighting
  8412 | D:8      | Reached skill level 10 in Shields
  8415 | D:8      | Reached skill level 10 in Armour
  9190 | D:9      | Noticed a sixfirhy
  9209 | D:9      | Killed a sixfirhy
  9210 | D:9      | Reached skill level 10 in Axes
  9238 | D:9      | Found a staircase to the Lair.
  9496 | D:9      | Reached ***** piety under Makhleb
  9507 | D:9      | Paralysed by a hornet for 3 turns
  9508 | D:9      | HP: 2/94 [hornet (9)]
  9509 | D:9      | Succumbed to a hornet's poison

Illustrated notes

Levels and vault maps discovered:
D:1:      zelgadis_glass_arrival_large, layout_loops_ring,
          shapermc_ecumenical_altar_mp_ritualfount
D:2:      layout_rooms, minmay_misc_feat_tower, hangedman_feature_mirror,
          roderic_lattice_a
D:3:      layout_basic, mainiacjoe_overflow_brackets, dancing_weapons_uskayaw,
          ebering_ghost_inner_flame, kennysheep_nondescript, uniq_sigmund,
          uniq_terence
D:4:      layout_loops_cross, mainiacjoe_overflow_alcove_1
D:5:      layout_loops_cross, makhleb_altar_promises_db,
          minmay_temple_entry_hall, uniq_crazy_yiuf_cottage, uniq_ijyb,
          uniq_prince_ribbit1
D:6:      layout_rooms, overflow_temple_1_default,
          mainiacjoe_overflow_boulevard, uniq_blork_the_orc
D:7:      layout_cave_pools, nicolae_ashenzari_skybound
D:8:      layout_basic, uniq_grum, uniq_gastronok
D:9:      layout_loops_cross, mainiacjoe_overflow_cross_hatched,
          lair_entry_dummy, serial_demonic, serial_demonic_b, serial_demonic_a,
          serial_demonic_e, serial_demonic_g, minmay_bent
Temple:   jpeg_temple_clearing

Skill      XL: |  1  2  3  4  5  6  7  8  9 10 |
---------------+-------------------------------+-----
Fighting       | 4 5 6 8 9 10 | 10.7
Armour         | 4 5 6 7 9 10 | 10.6
Shields        | 4 5 6 8 9 10 | 10.6
Axes           | 3 4 5 6 7 9 10 | 10.3

Action                     |  1- 3 |  4- 6 |  7- 9 | 10-12 || total
---------------------------+-------+-------+-------+-------++-------
  Melee: War axe           |    86 |    73 |   275 |    18 ||   452
         Headbutt          |     6 |    10 |    43 |     4 ||    63
         Hand axe          |       |       |    15 |    29 ||    44
  Throw: Throwing net      |       |     1 |     2 |       ||     3
  Evoke: Wand              |       |       |     7 |       ||     7
    Use: Scroll            |       |       |    11 |     6 ||    17
         Potion            |       |       |    13 |     1 ||    14
   Stab: Held in net/web   |       |     1 |       |       ||     1
 Armour: Scale mail        |     7 |       |       |       ||     7
         Chain mail        |    13 |       |       |       ||    13
         Plate armour      |    23 |    38 |   187 |    40 ||   288
  Dodge: Dodged            |    28 |    28 |   165 |    47 ||   268
  Block: Buckler           |    17 |    15 |    83 |    24 ||   139
